 Dungeon Crawl Stone Soup version 0.31-a0-198-g2ad674f65e (webtiles) character file.

Game seed: 14080299167387248180

25 qw the Shooter (level 2, 0/16 HPs)
             Began as a Deep Elf Hunter on June 25, 2023.
             Succumbed to their own poison gas
             ... on level 1 of the Dungeon.
             The game lasted 00:00:16 (847 turns).

qw the Shooter (Deep Elf Hunter)                     Turns: 847, Time: 00:00:16

Health: 0/16       AC:  5    Str:  8    XL:     2   Next: 82%
Magic:  4/4        EV: 12    Int: 13    God:
Gold:   68         SH:  0    Dex: 18    Spells: 1/1 levels left

rFire   . . .        h - +0 shortbow (heavy)
rCold   . . .        (shield currently unavailable)
rNeg    . . .        c - +0 leather armour
rPois   .            (no helmet)
rElec   .            k - +1 cloak
rCorr   .            (no gloves)
SInv    .            (no boots)
Will    .....        (no amulet)
Stlth   ++           (no ring)
HPRegen 0.22/turn    (no ring)
MPRegen 0.09/turn

%: no passive effects
@: lethally poisoned (0 -> -16)
A: no striking features
a: no special abilities


You were on level 1 of the Dungeon.
You visited 1 branch of the dungeon, and saw 1 of its levels.

You collected 68 gold pieces.


   Skills:
 - Level 1.5 Fighting
 + Level 6.5 Ranged Weapons
 - Level 2.4 Dodging
 - Level 1.2 Stealth


You had one spell level left.
You didn't know any spells.
Your spell library was empty.

Inventory:

Hand Weapons
 h - a +0 heavy shortbow (weapon)
Armour
 c - a +0 leather armour (worn)
 k - a +1 cloak (worn)
Jewellery
 d - a ring of ice
Potions
 f - a potion of degeneration {unknown}
 g - a potion of haste {unknown}

Dungeon Overview and Level Annotations

Branches:
Dungeon (1/15)

Altars:


Message History

As you read the scroll labelled EXY XEREESAWO, it crumbles to dust.
You feel momentarily disoriented.
It was a scroll of revelation.
Enter note:
Enter note:
Enter note:
Enter note:
Enter note: Done exploring.
843 ||| DRINKING 2 bubbling golden potions.
It was a potion of magic.
Magic courses through your body.
Done exploring.
844 ||| DROPPING scroll of butterflies.
You drop a scroll of butterflies.
Done exploring.
845 ||| DROPPING potion of magic.
You drop a potion of magic.
Done exploring.
(D) Dungeon
Where to? (* - list waypoints, ? - help)
What level of the Dungeon? (default 1, ? - help) Sorry, I don't know how to get there.
Enter note:
Enter note:
Enter note:
Enter note:
Enter note:
Enter note:
Enter note:
Enter note:
Enter note:
Enter note:
Enter note:
Enter note:
Enter note:
Enter note:
Enter note: Really walk into that cloud of poison gas?
You are engulfed in poison gas.
You are lethally poisoned!
Ouch! That really hurt!
You feel very sick.
847 ||| Stepping ~*~*~tactically~*~*~ (cloud).
You die...

#..#.......# #.................
#..#.#.....# ##...####...###.##.
#..#.#..#+## #...........#.#.##.
........#.#####¤.¤0####...#.#.##.
#.........#####¤.¤0####¤..#.#.##.
.............¤¤¤.¤¤##¤¤¤....#.##.
.#.#.##.#.####¤¤.0¤¤¤0¤¤.........
............¤0¤¤.¤¤¤¤¤¤¤.........
.....##.#.####¤¤@¤¤¤¤¤¤¤....#.#..
.#....%.........#0¤0¤0¤0...##.#..
.###.##...¤¤¤0¤0!¤0¤¤¤00.........
.........######¤#00####¤...##.##.
.###.##..######¤#0¤0.............
.# #.###.######..¤¤¤¤......##....
.# #.# #.########¤¤¤¤¤#....##.#..
.# #.# #.########0¤¤¤##....##.#..
.#######.########¤¤0#¤#.........#


There were no monsters in sight!

Vanquished Creatures
  4 ball pythons (D:1)
  4 bats (D:1)
  3 endoplasms (D:1)
  A giant cockroach (D:1)
  2 goblins (D:1)
  2 hobgoblins (D:1)
  A quokka (D:1)
  A frilled lizard (D:1)
  2 kobolds (D:1)
  A rat (D:1)
21 creatures vanquished.

Notes
Turn   | Place    | Note
-------+----------+-------------------------------------------
     0 | D:1      | qw the Deep Elf Hunter began the quest for the Orb.
     0 | D:1      | Reached XP level 1. HP: 12/12 MP: 3/3
     0 | D:1      | 0 ||| qw: Version: 0.3-a-22-g0ed2b0b
     0 | D:1      | 0 ||| qw: Game counter: 4882
     0 | D:1      | 0 ||| qw: Melee chars always use a shield: true
     0 | D:1      | 0 ||| qw: God list: Okawaru
     0 | D:1      | 0 ||| qw: Allow faded altars: false
     0 | D:1      | 0 ||| qw: Do Orc after clearing Dungeon:15 true
     0 | D:1      | 0 ||| qw: Do second Lair branch before Depths: true
     0 | D:1      | 0 ||| qw: Lair rune preference: random
     0 | D:1      | 0 ||| qw: Goals: Normal
     0 | D:1      | 0 ||| PLANNING D:1-11
   209 | D:1      | Reached skill level 6 in Ranged Weapons
   209 | D:1      | Reached XP level 2. HP: 16/16 MP: 4/4
   834 | D:1      | 834 ||| UPGRADING to +1 cloak.
   839 | D:1      | 839 ||| READING scroll labelled MAKLOT ERENOM.
   840 | D:1      | 840 ||| READING scroll labelled TUIRIT FYLECIE.
   841 | D:1      | 841 ||| READING scroll labelled ELEJUKLUTUA.
   842 | D:1      | 842 ||| READING scroll labelled EXY XEREESAWO.
   843 | D:1      | 843 ||| DRINKING 2 bubbling golden potions.
   844 | D:1      | 844 ||| DROPPING scroll of butterflies.
   845 | D:1      | 845 ||| DROPPING potion of magic.
   846 | D:1      | HP: 3/16 [poisoned by you (poison gas)]
   847 | D:1      | 847 ||| Stepping ~*~*~tactically~*~*~ (cloud).
   847 | D:1      | Succumbed to their own poison gas

Levels and vault maps discovered:
D:1:      minmay_arrival_wavy_path, layout_basic, minmay_tetromino_t2

Skill      XL: |  1 |
---------------+----+-----
Ranged Weapons | 6 |  6.5
Fighting       | |  1.5
Dodging        | |  2.4
Stealth        | |  1.2

Action                     || total
---------------------------++-------
   Fire: Shortbow          ||    43
    Use: Scroll            ||     4
         Potion            ||     1
 Armour: Leather armour    ||     2
  Dodge: Dodged            ||     4

Table legend:
 A = Non-vault XP
 B = Vault XP
 C = Vault XP percentage of total XP
 D = Non-vault monster count
 E = Vault monster count
 F = Vault count percentage of total count
                 A         B        C        D         E       F
            +---------+---------+-------+---------+---------+-------
      Total |      34 |       2 |   5.6 |      19 |       2 |   9.5
            +---------+---------+-------+---------+---------+-------
        D:1 |      34 |       2 |   5.6 |      19 |       2 |   9.5
            +---------+---------+-------+---------+---------+-------
